AoeStats
← 鄙人張麻子

QS Arena

503761760Analyzed
4v4 RM · 1mo ago on Sep 2, 2026· 46m 5s· 8 players
Game mode
Random Map
Map size
Large (8 player)
Population
200
Speed
Normal
Resources
Standard
Victory
Conquest
Starting age
Dark Age
Ending age
Imperial Age
RankedLock teamsTeams togetherTeam positionsShared explorationLock speedFull tech treeHidden civsTurbo modeCheats
Victory
Defeat
🇦🇺 Portuguese · Australia
1296
+12
🇺🇸 Khmer · United States
1252
+14
🇺🇸 Dravidians · United States
1226
+15
🇺🇸 Lithuanians · United States
1205
+16
🇩🇴 Franks · Dominican Republic
1264
-17
🇹🇼 Bohemians · Taiwan
1247
-16
🇹🇼 Ethiopians · Taiwan
1189
-13
🇺🇸 Lithuanians · United States
1093
-9
鄙人張麻子
8:35 Feudal Age
9:32 Double-Bit Axe
12:23 Castle Age
10:08 Horse Collar
13:20 Bow Saw
13:12 Heavy Plow
17:59 Wheelbarrow
21:36 Hand Cart
26:29 Imperial Age
23:54 Gold Mining
23:56 Fletching
24:21 Bow Saw
24:28 Loom
24:55 Bodkin Arrow
25:02 Padded Archer Armor
25:13 Stone Mining
25:46 Town Watch
26:47 Leather Archer Armor
26:54 Ballistics
26:10 Crossbowman
26:58 Thumb Ring
28:30 Chemistry
27:32 Bracer
28:03 Ring Archer Armor
28:43 Two-Man Saw
27:20 Arbalester
29:50 Scale Mail Armor
31:07 Conscription
31:20 Masonry
31:41 Chain Mail Armor
31:39 Siege Engineers
34:05 Plate Mail Armor
33:46 Forging
34:01 Conscription
34:27 Halberdier
35:08 Squires
36:59 Capped Ram
38:36 Iron Casting
38:14 Capped Ram
39:25 Caravan
39:15 Capped Ram
41:14 Conscription
40:55 Torsion Engines
40:22 Siege Ram
43:09 Blast Furnace
41:57 Elite Skirmisher
43:17 Coinage
DIO
2:45 Loom
7:38 Feudal Age
12:08 Castle Age
11:04 Double-Bit Axe
13:15 Horse Collar
14:12 Fervor
20:26 Sanctity
22:10 Forging
24:06 Atonement
25:12 Wheelbarrow
25:54 Redemption
28:12 Bloodlines
28:02 Husbandry
28:40 Iron Casting
28:10 Scale Barding Armor
29:38 Heavy Plow
30:27 Chain Barding Armor
34:45 Imperial Age
35:35 Ballistics
36:00 Plate Barding Armor
34:49 Cavalier
37:20 Paladin
41:34 Conscription
43:41 Light Cavalry
RD | AlvaroMartp
8:18 Feudal Age
12:03 Castle Age
10:37 Double-Bit Axe
14:20 Bow Saw
21:10 Wheelbarrow
22:00 Gold Mining
23:15 Hand Cart
26:17 Imperial Age
24:11 Loom
24:31 Town Watch
26:37 Husbandry
26:44 Scale Barding Armor
26:50 Forging
26:32 Cavalier
28:04 Chain Barding Armor
28:47 Gold Shaft Mining
29:30 Iron Casting
29:46 Paladin
31:03 Plate Barding Armor
33:44 Blast Furnace
35:57 Fletching
37:39 Light Cavalry
NICKC
7:06 Feudal Age
10:37 Loom
13:05 Castle Age
11:43 Double-Bit Axe
12:50 Horse Collar
14:06 Pikeman
15:35 Fervor
18:44 Scale Mail Armor
21:55 Chain Mail Armor
23:29 Forging
24:32 Squires
27:32 Imperial Age
27:46 Chemistry
28:43 Wheelbarrow
28:45 Conscription
29:01 Plate Mail Armor
28:49 Town Watch
31:03 Iron Casting
30:49 Wagenburg Tactics
31:36 Elite Skirmisher
32:54 Fletching
34:52 Bodkin Arrow
35:28 Siege Engineers
35:15 Halberdier
36:16 Fortified Wall
37:11 Bow Saw
38:46 Blast Furnace
41:09 Hand Cart
43:49 Block Printing
43:59 Sanctity
Gopherman77
2:35 Loom
8:39 Feudal Age
9:35 Loom
12:36 Castle Age
10:56 Double-Bit Axe
11:20 Horse Collar
16:43 Bow Saw
16:35 Heavy Plow
19:03 Gold Mining
19:05 Stone Mining
21:26 Wheelbarrow
21:50 Scale Barding Armor
21:56 Forging
22:38 Hand Cart
24:26 Husbandry
24:42 Husbandry
24:58 Bloodlines
29:32 Imperial Age
29:21 Chain Barding Armor
29:18 Devotion
29:45 Cavalier
31:03 Plate Barding Armor
32:12 Iron Casting
32:16 Paladin
35:15 Fletching
38:31 Bodkin Arrow
46:38 Bracer
the fgzb
7:35 Feudal Age
10:21 Castle Age
11:13 Scale Barding Armor
11:05 Double-Bit Axe
11:40 Horse Collar
15:07 Forging
20:59 Bow Saw
21:38 Wheelbarrow
22:30 Bloodlines
23:12 Chain Barding Armor
22:43 Town Watch
23:49 Hand Cart
25:07 Heavy Plow
28:47 Imperial Age
27:00 Loom
27:11 Fletching
28:57 Gold Mining
28:57 Stone Mining
29:00 Light Cavalry
30:19 Plate Barding Armor
29:48 Husbandry
30:38 Crop Rotation
30:38 Conscription
32:31 Double Crossbow
33:06 Ballistics
33:30 Iron Casting
34:08 Elite Ballista Elephant
39:14 Blast Furnace
43:36 Chemistry
42:42 Siege Engineers
42:23 Hussar
mcnitz
2:34 Loom
8:55 Feudal Age
12:31 Castle Age
11:27 Horse Collar
11:36 Double-Bit Axe
13:57 Bow Saw
13:37 Horse Collar
19:05 Heavy Plow
22:17 Wheelbarrow
25:52 Imperial Age
23:18 Stone Mining
23:21 Gold Mining
24:35 Fletching
24:46 Padded Archer Armor
24:55 Stone Mining
25:17 Bodkin Arrow
25:41 Thumb Ring
26:24 Leather Archer Armor
26:43 Ballistics
26:00 Elite Elephant Archer
28:14 Bracer
28:45 Ring Archer Armor
29:17 Chemistry
29:16 Devotion
29:35 Elite Elephant Archer
34:50 Medical Corps
35:24 Scale Mail Armor
35:34 Forging
43:12 Caravan
MCWest
8:00 Feudal Age
12:23 Castle Age
10:31 Double-Bit Axe
11:46 Horse Collar
13:54 Bow Saw
20:44 Loom
22:06 Wheelbarrow
26:36 Imperial Age
25:08 Ballistics
24:39 Fletching
24:38 Crossbowman
25:23 Thumb Ring
26:14 Hand Cart
26:19 Bodkin Arrow
26:30 Heavy Plow
27:15 Padded Archer Armor
28:27 Chemistry
29:04 Bracer
29:30 Thumb Ring
30:13 Arbalester
32:19 Gold Mining
41:47 Leather Archer Armor
43:14 Ring Archer Armor
42:07 Pikeman
42:48 Scale Mail Armor
42:58 Forging
43:54 Crop Rotation
43:28 Halberdier
44:13 Caravan
45:44 Chain Mail Armor
46:05 Iron Casting
Connection lost

Rejoining the realm…

Still unreachable

The connection could not be restored.

Session expired

The server has moved on; the page needs a fresh start.